 Dungeon Crawl Stone Soup version 0.24.0-125-gc4c63601f3 (webtiles) character file.

Game seed: 14836546997299538130, levelgen mode: deterministic

45 bobthegiant the Chopper (level 3, -3/28 HPs)
             Began as a Demonspawn Gladiator on Mar 6, 2020.
             Slain by Sigmund
             ... wielding a cursed -3 scythe
              (14 damage)
             ... on level 2 of the Dungeon.
             The game lasted 00:04:22 (1915 turns).

bobthegiant the Chopper (Demonspawn Gladiator)      Turns: 1915, Time: 00:04:23

Health: -3/28      AC:  8    Str: 15    XL:     3   Next: 42%
Magic:  3/3        EV: 12    Int:  9    God:
Gold:   112        SH:  0    Dex: 14    Spells: 2/2 levels left

rFire    . . .     SeeInvis .   a - +0 war axe
rCold    . . .     Gourm    .   (no shield)
rNeg     . . .     Faith    .   b - +0 leather armour
rPois    .         Spirit   .   c - +0 helmet
rElec    .         Reflect  .   (no cloak)
rCorr    .         Harm     .   (no gloves)
MR       .....                  (no boots)
Stlth    +.........             (no amulet)
HPRegen  0.09/turn              (no ring)
MPRegen  0.08/turn              (no ring)

@: no status effects
A: iridescent scales 2
a: no special abilities


You were on level 2 of the Dungeon.
You were not hungry.

You visited 1 branch of the dungeon, and saw 4 of its levels.

You collected 112 gold pieces.

Inventory:

Hand Weapons
 a - a +0 war axe (weapon)
Missiles
 d - 3 throwing nets (quivered)
 m - 42 stones
Armour
 b - a +0 leather armour (worn)
 c - a +0 helmet (worn)
 n - a +0 helmet
Jewellery
 i - an uncursed amulet of the gourmand {unknown}
 k - a +2 ring of dexterity {unknown}
 q - an uncursed ring of positive energy {unknown}
Scrolls
 e - 2 scrolls of immolation {unknown}
 g - 4 scrolls of remove curse {unknown}
 h - 3 scrolls of identify {unknown}
 o - a scroll of fog {unknown}
 s - a scroll of enchant weapon {unknown}
Potions
 j - a potion of invisibility {unknown}
 l - a potion of cancellation {unknown}
 p - a potion of brilliance {unknown}
 r - a potion of resistance {unknown}
Comestibles
 f - 2 rations


   Skills:
 + Level 2.7 Fighting
 * Level 3.7 Axes
 - Level 1.7 Throwing
 - Level 2.6 Dodging


You had 2 spell levels left.
You didn't know any spells.
Your spell library was empty.

Dungeon Overview and Level Annotations

Branches:
Dungeon (4/15)
 Temple: D:4-7

Altars:

Annotations:
D:2 Sigmund


Innate Abilities, Weirdness & Mutations

You are mostly covered in iridescent scales. (AC +4)


Message History

Sigmund is lightly wounded.
Sigmund barely misses you.
You hit Sigmund.
Sigmund is moderately wounded.
Sigmund closely misses you.
You're too confused to move!
Sigmund hits you but does no damage.
You miss Sigmund.
Sigmund is moderately wounded.
You feel less confused. Sigmund closely misses you.
You hit Sigmund but do no damage.
Sigmund is moderately wounded.
Sigmund misses you.
You slash Sigmund!
Sigmund is severely wounded.
You hit Sigmund.
Sigmund is severely wounded.
Sigmund hits you with a cursed -3 scythe!
Ouch! That really hurt!
You die...

#### # ###..# ##.#
###.#... .#.
###.#.[#.# ##..
###.#..#.#'# #S.
###.#..#.###)#
#@###.#..#.###.).#
#@#.#..#.###...###
#......###...###(#
##.#..#.##..##...#
##.#..#.##....###
##.#..#.##..##.#
##.#..#.##....#
##.#..#.##..##
##.#..#.##..#
##.#..#)##.#


You could see Sigmund and an adder.

Vanquished Creatures
  An adder (D:2)
  A worm (D:3)
  2 dart slugs (D:1)
  A leopard gecko (D:2)
  An orc (D:3)
  2 bats (D:1)
  2 giant cockroaches
  3 hobgoblins
  2 kobolds
  A quokka (D:2)
  3 frilled lizards
  4 goblins
  6 rats (D:1)
29 creatures vanquished.

Notes
Turn   | Place    | Note
-------+----------+-------------------------------------------
     0 | D:1      | bobthegiant the Demonspawn Gladiator began the quest for
                  | the Orb.
     0 | D:1      | Reached XP level 1. HP: 16/16 MP: 1/1
   503 | D:1      | Reached skill level 3 in Axes
   508 | D:1      | Gained mutation: You are partially covered in iridescent
                  | scales. (AC +2) [demonic ancestry]
   508 | D:1      | Reached XP level 2. HP: 20/22 MP: 2/2
  1400 | D:2      | You fall into a shaft and drop 2 floors!
  1447 | D:3      | Gained mutation: You are mostly covered in iridescent
                  | scales. (AC +4) [demonic ancestry]
  1447 | D:3      | Reached XP level 3. HP: 25/28 MP: 3/3
  1900 | D:2      | Noticed Sigmund
  1915 | D:2      | Slain by Sigmund

Levels and vault maps discovered:
D:1:      nicolae_arrival_somewhat_less_tricky_arrival, layout_loops_corners,
          minmay_misc_feat_doors, st_stairs_13
D:2:      minmay_razor_zed, layout_basic, old_standard_altar, minivault_26,
          minmay_misc_feat_five, uniq_sigmund
D:3:      layout_loops_corners, grunt_temple_overflow_open,
          okawaru_altar_gauntlet_db, uniq_ijyb
D:4:      layout_basic, first_ration

Skill      XL: |  1 |
---------------+----+-----
Axes           | 3 |  3.7
Fighting       | |  2.7
Throwing       | |  1.7
Dodging        | |  2.6

Action                   || total
-------------------------++-------
Melee: War axe           ||    93
 Stab: Sleeping          ||     1
  Eat: Chunk             ||     3
Armor: Leather armour    ||    23
Dodge: Dodged            ||    59
